 Dungeon Crawl Stone Soup version 0.21.0-37-g46506fa (webtiles) character file.

70 garbagetei the Charmwright (level 4, 0/38 HPs)
             Began as a Gnoll Skald on Feb 1, 2018.
             Was an Initiate of Okawaru.
             Killed from afar by an orc wizard (4 damage)
             ... with a magic dart
             ... on level 3 of the Dungeon.
             The game lasted 00:04:24 (1742 turns).

garbagetei the Charmwright (Gnoll Skald)            Turns: 1742, Time: 00:04:25

Health: 0/38       AC:  4    Str: 14    XL:     4   Next: 21%
Magic:  9/11       EV: 13    Int: 15    God:    Okawaru [......]
Gold:   105        SH:  4    Dex: 15    Spells: 10/13 levels left

rFire    . . .     SeeInvis .   a - +0 falchion
rCold    . . .     Gourm    .   o - +0 buckler
rNeg     . . .     Faith    .   b - +0 leather armour
rPois    .         Spirit   .   (no helmet)
rElec    .         Reflect  .   (no cloak)
rCorr    .         Harm     .   (no gloves)
MR       .....                  l - +0 pair of boots
Stlth    ++........             (no amulet)
HPRegen  0.12/turn              (no ring)
MPRegen  0.12/turn              (no ring)

@: infused
A: distributed training, fangs 1, strong nose
a: Renounce Religion


You were on level 3 of the Dungeon.
You worshipped Okawaru.
Okawaru was noncommittal.
You were not hungry.

You visited 1 branch of the dungeon, and saw 3 of its levels.

You collected 105 gold pieces.

Inventory:

Hand Weapons
 a - a +0 falchion (weapon)
 m - a +0 hunting sling
 u - a +3 dagger
Missiles
 t - 18 bolts
Armour
 b - a +0 leather armour (worn)
 l - a +0 pair of boots (worn)
 o - a +0 buckler (worn)
Scrolls
 i - 2 scrolls of remove curse {unknown}
 j - a scroll of blinking {unknown}
 k - 3 scrolls of identify {unknown}
 p - a scroll of immolation {unknown}
 q - a scroll of enchant weapon {unknown}
Potions
 f - a potion of flight {unknown}
 g - a potion of invisibility {unknown}
 h - 2 potions of degeneration {unknown}
 n - a potion of might {unknown}
 s - a potion of haste
Books
 c - a book of Battle

   Spells                             Type                      Level
   a - Infusion                       Charms                       1
   b - Shroud of Golubria             Charms/Translocation         2
   c - Song of Slaying                Charms                       2
   d - Spectral Weapon                Hexes/Charms                 3
   e - Regeneration                   Charms/Necromancy            3
Comestibles
 d - 3 rations
 r - 3 chunks of flesh


   Skills:
 + Level 4.6 Fighting
 + Level 1.0 Short Blades
 + Level 4.6 Long Blades
 + Level 1.0 Axes
 + Level 1.0 Maces & Flails
 + Level 1.0 Polearms
 + Level 1.0 Staves
 + Level 1.0 Slings
 + Level 1.0 Bows
 + Level 1.0 Crossbows
 + Level 1.0 Throwing
 + Level 2.7 Armour
 + Level 4.6 Dodging
 + Level 1.0 Stealth
 + Level 1.0 Shields
 + Level 1.0 Unarmed Combat
 + Level 5.0 Spellcasting
 + Level 0.8 Conjurations
 + Level 0.8 Hexes
 + Level 5.4 Charms
 + Level 0.8 Summonings
 + Level 0.8 Necromancy
 + Level 0.8 Translocations
 + Level 0.8 Transmutations
 + Level 0.8 Fire Magic
 + Level 0.8 Ice Magic
 + Level 0.8 Air Magic
 + Level 0.8 Earth Magic
 + Level 0.8 Poison Magic
 + Level 1.1 Invocations
 + Level 1.0 Evocations


You had 10 spell levels left.
You knew the following spells:

 Your Spells              Type           Power        Failure   Level  Hunger
a - Infusion              Chrm           ###.         3%          1    None
b - Song of Slaying       Chrm           ###.....     4%          2    ##.....


Dungeon Overview and Level Annotations

Branches:
Dungeon (3/15)

Altars:
Okawaru
Uskayaw
The Shining One

Annotations:
D:2 Natasha


Innate Abilities, Weirdness & Mutations

Your experience applies equally to all skills.
You have very sharp teeth.
Your uncanny sense of smell can sniff out nearby items.


Message History

You hear some strange, mumbled words.
A magic dart appears from out of thin air!
The magic dart hits you!
* * * LOW HITPOINT WARNING * * *
You miss something. Something hits you.
* * * LOW HITPOINT WARNING * * *
You feel better.
You hear some strange, mumbled words.
A puff of flame appears from out of thin air!
The puff of flame hits you!
* * * LOW HITPOINT WARNING * * *
Cast which spell? (? or * to list)
You begin infusing your attacks with magical energy.
You hear some strange, mumbled words.
Something tries to affect you, but you resist.
You hit something.
You hear some strange, mumbled words.
A magic dart appears from out of thin air!
The magic dart hits you!
You die...

..##..........#
#.(...........#
###...........# #
#.########### #
#...###### #
###......# #
######.# .
#.############# ∆
#..##..@[.)...#
##.##.##{####.#
#...##)..##
#####.....## #
###..#.......#.#
.........._.....#
....###.......###
.# ##.....##
##...##


There were no monsters in sight!

Vanquished Creatures
  2 adders
  An ooze (D:1)
  A worm (D:2)
  A leopard gecko (D:1)
  An orc (D:3)
  6 bats
  A giant cockroach (D:1)
  9 goblins
  A hobgoblin (D:2)
  4 jackals (D:3)
  3 kobolds (D:1)
  7 frilled lizards
  7 rats
44 creatures vanquished.

Vanquished Creatures (others)
  A dart slug (D:1)
  A giant cockroach (D:1)
  A frilled lizard (D:1)
3 creatures vanquished.

Grand Total: 47 creatures vanquished

Notes
Turn   | Place    | Note
-------+----------+-------------------------------------------
     0 | D:1      | garbagetei the Gnoll Skald began the quest for the Orb.
     0 | D:1      | Reached XP level 1. HP: 20/20 MP: 6/6
   139 | D:1      | Reached XP level 2. HP: 26/26 MP: 7/7
   498 | D:1      | Reached XP level 3. HP: 30/31 MP: 9/9
   582 | D:1      | Reached skill level 5 in Spellcasting
   804 | D:2      | Found a glowing golden altar of the Shining One.
   888 | D:2      | Reached skill level 1 in Invocations
  1310 | D:2      | Learned a level 2 spell: Song of Slaying
  1323 | D:2      | Found an iron altar of Okawaru.
  1332 | D:2      | Became a worshipper of Warmaster Okawaru
  1335 | D:2      | Reached skill level 1 in Short Blades
  1335 | D:2      | Reached skill level 1 in Axes
  1335 | D:2      | Reached skill level 1 in Maces & Flails
  1335 | D:2      | Reached skill level 1 in Polearms
  1335 | D:2      | Reached skill level 1 in Staves
  1335 | D:2      | Reached skill level 1 in Slings
  1335 | D:2      | Reached skill level 1 in Bows
  1335 | D:2      | Reached skill level 1 in Crossbows
  1335 | D:2      | Reached skill level 1 in Throwing
  1335 | D:2      | Reached skill level 1 in Stealth
  1335 | D:2      | Reached skill level 1 in Shields
  1335 | D:2      | Reached skill level 1 in Unarmed Combat
  1335 | D:2      | Reached skill level 1 in Evocations
  1351 | D:2      | Noticed Natasha
  1608 | D:3      | Reached XP level 4. HP: 38/38 MP: 11/11
  1693 | D:3      | Found a hide-covered altar of Uskayaw.
  1739 | D:3      | HP: 1/38 [something (4)]
  1742 | D:3      | Killed from afar by an orc wizard

Skill      XL: |  1  2  3 |
---------------+----------+-----
Spellcasting   | 5 |  5.0
Invocations    | 1 |  1.1
Short Blades   | 1 |  1.0
Axes           | 1 |  1.0
Maces & Flails | 1 |  1.0
Polearms       | 1 |  1.0
Staves         | 1 |  1.0
Slings         | 1 |  1.0
Bows           | 1 |  1.0
Crossbows      | 1 |  1.0
Throwing       | 1 |  1.0
Stealth        | 1 |  1.0
Shields        | 1 |  1.0
Unarmed Combat | 1 |  1.0
Evocations     | 1 |  1.0
Fighting       | |  4.6
Long Blades    | |  4.6
Armour         | |  2.7
Dodging        | |  4.6
Conjurations   | |  0.8
Hexes          | |  0.8
Charms         | |  5.4
Summonings     | |  0.8
Necromancy     | |  0.8
Translocations | |  0.8
Transmutations | |  0.8
Fire Magic     | |  0.8
Ice Magic      | |  0.8
Air Magic      | |  0.8
Earth Magic    | |  0.8
Poison Magic   | |  0.8

Action                   |  1- 3 |  4- 6 || total
-------------------------+-------+-------++-------
Melee: Falchion          |   106 |    39 ||   145
       Bite              |    15 |     6 ||    21
 Cast: Infusion          |       |     1 ||     1
  Use: Potion            |     1 |     1 ||     2
 Stab: Sleeping          |     2 |       ||     2
  Eat: Chunk             |     1 |     2 ||     3
Armor: Leather armour    |    13 |    11 ||    24
Dodge: Dodged            |    84 |    30 ||   114
Block: Buckler           |     7 |     6 ||    13
       Rpst.: Falchion   |    22 |     9 ||    31
